 Dungeon Crawl Stone Soup version 0.31-a0-182-gc5ef74bbde (webtiles) character file.

Game seed: 5556752741189683564

415 qw the Chopper (level 6, 0/38 HPs)
             Began as a Gargoyle Fighter on June 20, 2023.
             Was an Initiate of Okawaru.
             Slain by an ogre
             ... wielding a +0 giant club
              (12 damage)
             ... on level 5 of the Dungeon.
             The game lasted 00:01:55 (3359 turns).

qw the Chopper (Gargoyle Fighter)                   Turns: 3359, Time: 00:01:56

Health: 0/38       AC: 23    Str: 27    XL:     6   Next: 92%
Magic:  6/6        EV:  7    Int:  9    God:    Okawaru [......]
Gold:   489        SH:  4    Dex:  9    Spells: 5/5 levels left

rFire   . . .        b - +1 war axe
rCold   . . .        c - +0 buckler
rNeg    + . .        e - +0 plate armour
rPois   inf          a - +0 helmet
rElec   +            (no cloak)
rCorr   .            i - +0 pair of gloves
SInv    .            f - +0 pair of boots
Will    .....        g - amulet of faith Stlth
                     k - +6 ring of strength
HPRegen 0.26/turn    l - +4 ring of protection
MPRegen 0.10/turn

%: faith
@: no status effects
A: sickness immunity, AC +4, negative energy resistance 1, electricity
resistance, torment resistance 1, petrification resistance
a: Renounce Religion


You were on level 5 of the Dungeon.
You worshipped Okawaru.
Okawaru was noncommittal.
You visited 1 branch of the dungeon, and saw 5 of its levels.

You collected 489 gold pieces.


Innate Abilities, Weirdness & Mutations

You are immune to sickness and miasma.
Your stone body is resilient. (AC +4)
You are immune to poison.
You resist negative energy. (rN+)
You are resistant to electric shocks. (rElec)
You are resistant to unholy torment.
You are immune to petrification.


   Skills:
 - Level 4.2 Fighting
 - Level 6.1 Axes
 + Level 3.4 Armour
 - Level 3.2 Shields


You had 5 spell levels left.
You didn't know any spells.
Your spell library was empty.

Inventory:

Hand Weapons
 b - a +1 war axe (weapon)
 n - a +0 mace
Armour
 a - a +0 helmet (worn)
 c - a +0 buckler (worn)
 e - a +0 plate armour (worn)
 f - a +0 pair of boots (worn)
 i - a +0 pair of gloves (worn)
Jewellery
 g - an amulet of faith (around neck)
 k - a +6 ring of strength (left hand)
 l - a +4 ring of protection (right hand)
Scrolls
 h - a scroll of identify
 m - a scroll of teleportation
Potions
 d - a potion of might
 j - a potion of invisibility {unknown}

Dungeon Overview and Level Annotations

Branches:
Dungeon (5/15)             Temple (0/1) D:4

Altars:
Dithmenos
Kikubaaqudgha
Okawaru
Trog
Vehumet
The Shining One

Annotations:
D:4 2 transporters, qw's ghost, novice NaHu


Message History

3340 ||| Stepping ~*~*~tactically~*~*~ (hiding).
You start waiting.
A gnoll is nearby!
You start waiting.
There are monsters nearby!
You block the gnoll's attack.
You hit the gnoll but do no damage. The gnoll hits you but does no damage.
You hit the gnoll.
The gnoll is lightly wounded.
The gnoll barely misses you.
You barely miss the gnoll.
The gnoll is lightly wounded.
The gnoll hits you but does no damage.
An ogre comes into view. It is wielding a +0 giant club.
The gnoll hits you but does no damage.
You slash the gnoll!
You kill the gnoll!
Okawaru accepts your kill. The dart slug bites you.
You see here a +0 whip.
You hit the dart slug.
The dart slug is heavily wounded.
The dart slug bites you but does no damage.
You slash the dart slug!
You kill the dart slug!
Okawaru accepts your kill.
You start resting.
An ogre is nearby!
You barely miss the ogre. The ogre hits you with a +0 giant club!
You barely miss the ogre. The ogre barely misses you.
You hit the ogre.
The ogre is lightly wounded.
The ogre hits you with a +0 giant club!
You hit the ogre.
The ogre is moderately wounded.
The ogre hits you with a +0 giant club!
You die...

#........#
#........# #
###...##### #.
#...#.# .## #.
##..##.#
....#.###...##.#
#........###.#
####...#.### .#
......O@.#
###...#### #...
#... .... #...#
#


You could see an ogre.

Vanquished Creatures
  A phantom (D:5)
  A scorpion (D:4)
  Jessica (D:3)
  2 iguanas
  Robin (D:4)
  9 adders
  A gnoll (D:5)
  An ufetubus (D:4)
  A worm (D:4)
  5 dart slugs
  9 endoplasms
  4 giant cockroaches
  11 goblins
  8 hobgoblins
  6 quokkas
  4 ball pythons
  6 bats
  7 frilled lizards
  10 kobolds
  3 rats
91 creatures vanquished.

Vanquished Creatures (others)
  A wizard (D:4)
1 creature vanquished.

Grand Total: 92 creatures vanquished

Notes
Turn   | Place    | Note
-------+----------+-------------------------------------------
     0 | D:1      | qw the Gargoyle Fighter began the quest for the Orb.
     0 | D:1      | Reached XP level 1. HP: 14/14 MP: 1/1
     0 | D:1      | 0 ||| qw: Version: 0.3-a-9-g12657ce
     0 | D:1      | 0 ||| qw: Game counter: 1395
     0 | D:1      | 0 ||| qw: Always use a shield: true
     0 | D:1      | 0 ||| qw: God list: Okawaru
     0 | D:1      | 0 ||| qw: Allow faded altars: false
     0 | D:1      | 0 ||| qw: Do Orc after D:15 true
     0 | D:1      | 0 ||| qw: Do second Lair branch before Depths: true
     0 | D:1      | 0 ||| qw: Lair rune preference: random
     0 | D:1      | 0 ||| qw: Plans: Normal, Zot:1-4, Slime:5, God:TSO, Crypt,
                  | Tomb, Abyss, Pan, Hells, Win
     0 | D:1      | 0 ||| PLANNING D:1-11
   102 | D:1      | 102 ||| Stepping ~*~*~tactically~*~*~ (hiding).
   107 | D:1      | Reached skill level 2 in Axes
   253 | D:1      | Reached XP level 2. HP: 19/19 MP: 2/2
   260 | D:1      | 260 ||| Stepping ~*~*~tactically~*~*~ (hiding).
   287 | D:1      | 287 ||| FLEEEEING.
   288 | D:1      | 288 ||| FLEEEEING.
   291 | D:1      | 291 ||| FLEEEEING.
   300 | D:1      | 300 ||| FLEEEEING.
   301 | D:1      | 301 ||| FLEEEEING.
   302 | D:1      | 302 ||| FLEEEEING.
   308 | D:1      | 308 ||| FLEEEEING.
   320 | D:1      | 320 ||| FLEEEEING.
   321 | D:1      | 321 ||| FLEEEEING.
   322 | D:1      | 322 ||| FLEEEEING.
   323 | D:1      | 323 ||| FLEEEEING.
   483 | D:1      | Reached skill level 3 in Axes
   620 | D:1      | Reached XP level 3. HP: 21/23 MP: 3/3
   721 | D:1      | 721 ||| Stepping ~*~*~tactically~*~*~ (stealth).
   723 | D:1      | 723 ||| Stepping ~*~*~tactically~*~*~ (stealth).
   851 | D:1      | 851 ||| DROPPING +0 club.
  1133 | D:1      | 1133 ||| UPGRADING to +0 pair of boots.
  1138 | D:1      | 1138 ||| UPGRADING to amulet of faith.
  1143 | D:1      | 1143 ||| READING scroll labelled POXKUN RUTHUXT.
  1147 | D:1      | 1147 ||| READING scroll labelled SUNOVO PUS.
  1148 | D:1      | 1148 ||| READING scroll labelled KUGOOSS ALLA.
  1149 | D:1      | 1149 ||| READING scroll labelled DOENUFFUIM.
  1150 | D:1      | 1150 ||| READING scroll labelled QACOBE EWNEIS.
  1151 | D:1      | 1151 ||| READING scroll labelled TILYHYUSYT.
  1399 | D:2      | Reached XP level 4. HP: 27/28 MP: 4/4
  1711 | D:2      | Reached skill level 4 in Axes
  1752 | D:2      | 1752 ||| Stepping ~*~*~tactically~*~*~ (stealth).
  1920 | D:2      | 1920 ||| UPGRADING to +0 chain mail.
  1930 | D:2      | 1930 ||| DROPPING +0 scale mail.
  1931 | D:2      | 1931 ||| UPGRADING to +0 pair of gloves.
  1936 | D:2      | 1936 ||| UPGRADING to +6 ring of strength.
  1937 | D:2      | 1937 ||| READING scroll labelled EZIH MENEE.
  1938 | D:2      | 1938 ||| READING scroll labelled ZUOGET PITESE.
  1939 | D:2      | 1939 ||| READING scroll labelled JEOMEUH MEUN.
  1939 | D:2      | Identified a scroll of acquirement
  1939 | D:2      | 1939 ||| ACQUIRING 351 gold pieces
  1939 | D:2      | Acquired 351 gold pieces
  1990 | D:3      | 1990 ||| Stepping ~*~*~tactically~*~*~ (stealth).
  2170 | D:3      | Noticed Jessica
  2172 | D:3      | Killed Jessica
  2173 | D:3      | Reached XP level 5. HP: 31/32 MP: 5/5
  2229 | D:3      | 2229 ||| FLEEEEING.
  2342 | D:3      | Found an iron altar of Okawaru.
  2343 | D:3      | 2343 ||| PLANNING OKAWARU WORSHIP
  2343 | D:3      | 2343 ||| UPGRADING to +0 plate armour.
  2353 | D:3      | 2353 ||| DROPPING +0 chain mail.
  2354 | D:3      | 2354 ||| DROPPING amulet of magic regeneration.
  2355 | D:3      | 2355 ||| UPGRADING to ring of willpower.
  2356 | D:3      | 2356 ||| READING scroll labelled SAIPOACIAT.
  2364 | D:3      | Became a worshipper of Warmaster Okawaru
  2365 | D:3      | 2365 ||| PLANNING D:1-11
  2590 | D:4      | 2590 ||| Stepping ~*~*~tactically~*~*~ (stealth).
  2595 | D:4      | 2595 ||| Stepping ~*~*~tactically~*~*~ (hiding).
  2603 | D:4      | Reached skill level 5 in Axes
  2605 | D:4      | Noticed Robin
  2617 | D:4      | Killed Robin
  2654 | D:4      | Found a shadowy altar of Dithmenos.
  2708 | D:4      | Found a transporter.
  2747 | D:4      | 2747 ||| Stepping ~*~*~tactically~*~*~ (stealth).
  2761 | D:4      | HP: 2/33 [iguana (10)]
  2911 | D:4      | 2911 ||| Stepping ~*~*~tactically~*~*~ (stealth).
  2917 | D:4      | Reached XP level 6. HP: 38/38 MP: 6/6
  2934 | D:4      | Found a radiant altar of Vehumet.
  2937 | D:4      | Found an ancient bone altar of Kikubaaqudgha.
  2942 | D:4      | 2942 ||| Stepping ~*~*~tactically~*~*~ (stealth).
  2943 | D:4      | 2943 ||| Stepping ~*~*~tactically~*~*~ (stealth).
  2944 | D:4      | 2944 ||| Stepping ~*~*~tactically~*~*~ (stealth).
  2945 | D:4      | 2945 ||| Stepping ~*~*~tactically~*~*~ (stealth).
  2946 | D:4      | 2946 ||| Stepping ~*~*~tactically~*~*~ (stealth).
  3028 | D:4      | Found a staircase to the Ecumenical Temple.
  3075 | D:4      | Found a transporter.
  3107 | D:4      | Noticed qw's ghost (novice NaHu)
  3143 | D:4      | Found a glowing golden altar of the Shining One.
  3171 | D:4      | Found a bloodstained altar of Trog.
  3177 | D:4      | Noticed a wizard
  3182 | D:4      | Killed a wizard
  3282 | D:4      | 3282 ||| UPGRADING to +0 helmet.
  3287 | D:4      | 3287 ||| UPGRADING to +4 ring of protection.
  3289 | D:4      | 3289 ||| DROPPING ring of willpower.
  3306 | D:5      | Entered Level 5 of the Dungeon
  3325 | D:5      | Reached skill level 6 in Axes
  3340 | D:5      | 3340 ||| Stepping ~*~*~tactically~*~*~ (hiding).
  3359 | D:5      | Slain by an ogre

Levels and vault maps discovered:
D:1:      tekkud_arrival_beachfront_property, layout_loops_ring,
          minmay_misc_feat_pillars, minmay_hedge_maze, nrook_campfire,
          minmay_crystal_water
D:2:      layout_basic, serial_curves, eino_curves_02, eino_curves_01,
          eino_curves_03, chequers_serial_rivers_marsh, st_stairs_1
D:3:      layout_loops_cross, okawaru_trees_2, uniq_jessica
D:4:      layout_rooms, nicolae_overflow_crystal_walls, lemuel_crystal_altar,
          general_overflow_altar, trog_wizard, mainiacjoe_overflow_tiny_flanked,
          minmay_temple_entry_glassed_door, gammafunk_ghost_gnarly_gnolls,
          minmay_ruptured, uniq_robin
D:5:      layout_rooms, zin_scriptorium, serial_bayou_ford_a

Skill      XL: |  1  2  3  4  5  6 |
---------------+-------------------+-----
Axes           | 2 3 4 5 6 |  6.1
Fighting       | 4 |  4.2
Armour         | |  3.4
Shields        | |  3.2

Action                     |  1- 3 |  4- 6 || total
---------------------------+-------+-------++-------
  Melee: War axe           |   136 |   154 ||   290
    Use: Scroll            |     6 |     4 ||    10
 Armour: Scale mail        |    78 |    17 ||    95
         Chain mail        |       |     7 ||     7
         Plate armour      |       |    54 ||    54
  Dodge: Dodged            |    67 |    73 ||   140
  Block: Buckler           |    23 |    33 ||    56

Table legend:
 A = Non-vault XP
 B = Vault XP
 C = Vault XP percentage of total XP
 D = Non-vault monster count
 E = Vault monster count
 F = Vault count percentage of total count
                 A         B        C        D         E       F
            +---------+---------+-------+---------+---------+-------
      Total |     521 |      73 |  12.3 |      77 |      14 |  15.4
            +---------+---------+-------+---------+---------+-------
        D:1 |      52 |       0 |   0.0 |      30 |       0 |   0.0
        D:2 |      67 |       5 |   6.9 |      18 |       3 |  14.3
        D:3 |      62 |      37 |  37.4 |      10 |       1 |   9.1
        D:4 |     183 |      31 |  14.5 |      15 |      10 |  40.0
        D:5 |     157 |       0 |   0.0 |       4 |       0 |   0.0
            +---------+---------+-------+---------+---------+-------
